 Dungeon Crawl Stone Soup version 0.24.0-125-gc4c63601f3 (webtiles) character file.

Game seed: 16770303187443522174, levelgen mode: deterministic

85 Mesmaeker13 the Sneak (level 4, -2/30 HPs)
             Began as an Octopode Assassin on Feb 16, 2020.
             Was an Initiate of Sif Muna.
             Killed from afar by an orc wizard (7 damage)
             ... with a magic dart
             ... on level 3 of the Dungeon.
             The game lasted 00:02:13 (2384 turns).

Mesmaeker13 the Sneak (Octopode Assassin)           Turns: 2384, Time: 00:02:14

Health: -2/30      AC:  1    Str: 10    XL:     4   Next: 48%
Magic:  4/4        EV: 13    Int: 14    God:    Sif Muna [......]
Gold:   144        SH:  0    Dex: 13    Spells: 3/3 levels left

rFire    . . .     SeeInvis .   a - +2 dagger
rCold    . . .     Gourm    .   (no shield)
rNeg     . . .     Faith    .   (helmet restricted)
rPois    .         Spirit   .   (no amulet)
rElec    .         Reflect  .   (no ring)
rCorr    .         Harm     .   (no ring)
MR       .....                  (no ring)
Stlth    ++........             (no ring)
HPRegen  0.10/turn              (no ring)
MPRegen  0.09/turn              (no ring)
                                (no ring)
                                (no ring)

@: confused
A: almost no armour, stealthy swim, amphibious, 8 rings, constrict 8, camouflage
1, gelatinous body 1
a: Renounce Religion


You were on level 3 of the Dungeon.
You worshipped Sif Muna.
Sif Muna was noncommittal.
You were not hungry.

You visited 1 branch of the dungeon, and saw 3 of its levels.

You collected 144 gold pieces.

Inventory:

Hand Weapons
 a - a +2 dagger (weapon)
Missiles
 b - 4 poisoned darts (quivered)
Scrolls
 e - 2 scrolls of identify {unknown}
 h - a scroll of teleportation {unknown}
 i - 3 scrolls of remove curse {unknown}
 l - a scroll of immolation {unknown}
Potions
 f - a potion of might {unknown}
 g - a potion of mutation {unknown}
 j - a potion of lignification {unknown}
Comestibles
 d - 5 rations
 k - 6 chunks of flesh


   Skills:
 + Level 2.8 Fighting
 + Level 2.8 Short Blades
 - Level 2.0 Throwing
 + Level 2.1 Dodging
 + Level 6.1 Stealth


You had 3 spell levels left.
You didn't know any spells.
Your spell library was empty.

Dungeon Overview and Level Annotations

Branches:
Dungeon (3/15)

Altars:
Elyvilon
Sif Muna
Zin


Innate Abilities, Weirdness & Mutations

You cannot wear most types of armour.
You are very stealthy in the water. (Stealth+)
You are amphibious.
You can wear up to eight rings at the same time.
You can use your tentacles to constrict eight enemies at once.
Your skin changes colour to match your surroundings (Stealth+).
Your rubbery body absorbs attacks. (AC +1, EV +1)


Message History

You throw a poisoned dart.
The poisoned dart completely misses the orc wizard.
The orc wizard casts a spell.
The orc wizard flickers and vanishes!
Deactivating autopickup; reactivate with Ctrl-A.
The orc wizard barely misses you.
The quokka barely misses the orc wizard.
Something closely misses the quokka.
The quokka barely misses something.
The orc wizard points at you and mumbles some strange words.
The magic dart hits you!
The orc wizard points at you and mumbles some strange words.
You are confused.
A puff of flame appears from out of thin air!
The puff of flame hits you.
* * * LOW HITPOINT WARNING * * *
You miss the orc wizard. The orc wizard barely misses you.
The orc wizard gestures at you while chanting.
The magic dart hits you!
You die...

#####.###........# #.#
##<####### #.# #.# ..# #.#
#.## #.# #.. #.# ##. #.#
##.## #.## ###...###@.#
#####≈≈...≈≈#.o# #.
....#≈..♣..≈#..## #..
...............# #..
#.(..♣._.♣....##########
#..##.#...........[........#
#......#≈..♣..≈#..##.####..#
#......#≈≈...≈≈#.###.####..#
#.#.#.###...###'###.##....#


You could see an orc wizard.

Vanquished Creatures
  Jessica (D:2)
  3 adders
  A leopard gecko (D:2)
  2 orcs (D:3)
  A ball python (D:2)
  3 goblins
  A hobgoblin (D:1)
  6 jackals (D:2)
  A quokka (D:2)
  2 bats
  3 frilled lizards
  5 kobolds
  A rat (D:2)
30 creatures vanquished.

Notes
Turn   | Place    | Note
-------+----------+-------------------------------------------
     0 | D:1      | Mesmaeker13 the Octopode Assassin began the quest for the
                  | Orb.
     0 | D:1      | Reached XP level 1. HP: 14/14 MP: 1/1
   932 | D:2      | Reached XP level 2. HP: 19/19 MP: 2/2
  1411 | D:2      | Reached XP level 3. HP: 16/25 MP: 3/3
  1636 | D:2      | You fall into a shaft and drop 1 floor!
  1761 | D:3      | Found a glowing silver altar of Zin.
  1762 | D:3      | Found a shimmering blue altar of Sif Muna.
  1769 | D:3      | Became a worshipper of Sif Muna the Loreminder
  1834 | D:2      | Noticed Jessica
  1838 | D:2      | Killed Jessica
  1838 | D:2      | Reached skill level 6 in Stealth
  1838 | D:2      | Reached XP level 4. HP: 30/30 MP: 4/4
  2286 | D:3      | Found a white marble altar of Elyvilon.
  2384 | D:3      | Killed from afar by an orc wizard

Levels and vault maps discovered:
D:1:      minmay_arrival_arboretum_small, layout_loops_ring
D:2:      layout_basic, chequers_jeans, hex_medium, hangedman_decor_points,
          serial_park_tiny_1, uniq_jessica
D:3:      layout_loops_corners, grunt_temple_overflow_open, elyvilon_altar_4

Skill      XL: |  1  2  3 |
---------------+----------+-----
Dodging        | 2 |  2.1
Stealth        | 6 |  6.1
Fighting       | |  2.8
Short Blades   | |  2.8
Throwing       | |  2.0

Action                   |  1- 3 |  4- 6 || total
-------------------------+-------+-------++-------
Melee: Dagger            |    23 |    25 ||    48
       Tentacles         |     4 |     9 ||    13
       Constrict         |     3 |     9 ||    12
Throw: Dart              |     4 |     5 ||     9
 Stab: Sleeping          |     6 |     2 ||     8
  Eat: Chunk             |     3 |     1 ||     4
Armor: Skin              |     1 |     1 ||     2
Dodge: Dodged            |    14 |    12 ||    26
